SL
LONG ISLAND LIGHTHOUSE @ DETROIT ELITE
06/04/2042
 
TOP OF THE 1ST
Long Island Lighthouse batting - Pitching for Detroit Elite : RHP Carl MacPherson
Pitching: RHP Carl MacPherson
Batting: RHB Eugene Bennett 0-0: Fly out, F7 (Flyball, 7LMF, EV 83.1 MPH)
Batting: RHB Mark Toope 0-0: Ball
1-0: Foul Ball, location: 2F
1-1: Ball
2-1: Ball
3-1: Base on Balls
Batting: RHB Jonas van Claveren 0-0: Called Strike
0-1: Ball
1-1: Foul Ball, location: 2F
1-2: Ball
2-2: SINGLE (Groundball, 6MD, EV 105.6 MPH)
Mark Toope to second
Batting: LHB Scott Kerin 0-0: Ball
1-0: Fly out, F8 (Flyball, 89S, EV 83.8 MPH)
Batting: RHB Iiri Haapajarvi 0-0: Ball
1-0: Called Strike
1-1: Swinging Strike
1-2: Strikes out swinging
Top of the 1st over - 0 runs, 1 hit, 0 errors, 2 left on base; Long Island 0 - Detroit 0
BOTTOM OF THE 1ST
Detroit Elite batting - Pitching for Long Island Lighthouse : RHP Nolan Howard
Pitching: RHP Nolan Howard
Batting: RHB Dejmi Dumervil 0-0: Ball
1-0: Swinging Strike
1-1: Swinging Strike
1-2: Foul Ball, location: 2F
1-2: Ball
2-2: Strikes out swinging
Batting: LHB Jack McCusker 0-0: Ball
1-0: Ball
2-0: Ball
3-0: Called Strike
3-1: Fly out, F9 (Flyball, 9D, EV 92.5 MPH)
Batting: RHB Amon-Ra St. Brown 0-0: Foul Ball, location: 2F
0-1: SINGLE (Line Drive, 56D, EV 96.9 MPH)
Batting: LHB Murray Sperber 0-0: Called Strike
0-1: Ball
1-1: Ball
2-1: Foul Ball, location: 2F
2-2: Strikes out looking
Bottom of the 1st over - 0 runs, 1 hit, 0 errors, 1 left on base; Long Island 0 - Detroit 0
TOP OF THE 2ND
Long Island Lighthouse batting - Pitching for Detroit Elite : RHP Carl MacPherson
Batting: RHB Oliver Villalva 0-0: Ball
1-0: Foul Ball, location: 2F
1-1: Ball
2-1: Swinging Strike
2-2: Ball
3-2: Fly out, F5 (Popup, 15S, EV 85.0 MPH)
Batting: RHB Carlos Mendoza 0-0: Ground out 4-3 (Groundball, 4S, EV 71.2 MPH)
Batting: RHB Quan Easterling 0-0: Foul Ball, location: 2F
0-1: Ball
1-1: Ball
2-1: Fly out, F7 (Flyball, 7LS, EV 88.8 MPH)
Top of the 2nd over - 0 runs, 0 hits, 0 errors, 0 left on base; Long Island 0 - Detroit 0
BOTTOM OF THE 2ND
Detroit Elite batting - Pitching for Long Island Lighthouse : RHP Nolan Howard
Batting: RHB Daryl Yandell 0-0: Called Strike
0-1: Ground out 6-3 (Groundball, 56, EV 105.0 MPH)
Batting: RHB Estanislao Hirigoyen 0-0: Called Strike
0-1: Ball
1-1: Ball
2-1: SINGLE (Flyball, 78M, EV 89.4 MPH)
Batting: RHB Juan Amengual 0-0: Called Strike
0-1: Grounds into double play, 6-4-3 (Groundball, 6S, EV 86.9 MPH)
Bottom of the 2nd over - 0 runs, 1 hit, 0 errors, 0 left on base; Long Island 0 - Detroit 0
TOP OF THE 3RD
Long Island Lighthouse batting - Pitching for Detroit Elite : RHP Carl MacPherson
Batting: LHB Ramón Garmendia 0-0: Called Strike
0-1: Ball
1-1: Foul Ball, location: 2F
1-2: Fly out, F8 (Flyball, 78M, EV 85.6 MPH)
Batting: RHB Eugene Bennett 0-0: Ball
1-0: Ball
2-0: Ground out 5-3 (Groundball, 56S, EV 70.0 MPH)
Batting: RHB Mark Toope 0-0: Ball
1-0: Ball
2-0: Ball
3-0: Base on Balls
Batting: RHB Jonas van Claveren 0-0: Ball
1-0: Ball
2-0: Foul Ball, location: 2F
2-1: Ball
3-1: Base on Balls
Mark Toope to second
Batting: LHB Scott Kerin 0-0: Ground out 4-3 (Groundball, 4S, EV 88.8 MPH)
Top of the 3rd over - 0 runs, 0 hits, 0 errors, 2 left on base; Long Island 0 - Detroit 0
BOTTOM OF THE 3RD
Detroit Elite batting - Pitching for Long Island Lighthouse : RHP Nolan Howard
Batting: RHB Víctor Cuevas 0-0: Called Strike
0-1: Ball
1-1: Ball
2-1: Foul Ball, location: 2F
2-2: Ball
3-2: SINGLE (Groundball, 56, EV 102.5 MPH)
Batting: LHB Dave Watts 0-0: Ball
Víctor Cuevas is caught stealing 2nd base 2-6
1-0: Ball
2-0: Foul Ball, location: 2F
2-1: Ball
3-1: Called Strike
3-2: Foul Ball, location: 2F
3-2: Strikes out swinging
Batting: RHB Dejmi Dumervil 0-0: Swinging Strike
0-1: Ball
1-1: Swinging Strike
1-2: Fly out, F7 (Flyball, 7, EV 81.9 MPH)
Bottom of the 3rd over - 0 runs, 1 hit, 0 errors, 0 left on base; Long Island 0 - Detroit 0
TOP OF THE 4TH
Long Island Lighthouse batting - Pitching for Detroit Elite : RHP Carl MacPherson
Batting: RHB Iiri Haapajarvi 0-0: Ball
1-0: Foul Ball, location: 2F
1-1: Ball
2-1: SINGLE (Flyball, 8RS, EV 93.1 MPH)
Batting: RHB Oliver Villalva 0-0: Called Strike
0-1: Ball
1-1: Ball
2-1: Ball
3-1: Swinging Strike
3-2: TRIPLE (Line Drive, 9LD, EV 113.1 MPH)
Iiri Haapajarvi scores
Batting: RHB Carlos Mendoza 0-0: Called Strike
0-1: SINGLE (Groundball, 56, EV 108.1 MPH) (infield hit)
Oliver Villalva scores
Batting: RHB Quan Easterling Pickoff Throw to First - Out! 1-3
0-0: Ball
1-0: Foul Ball, location: 2F
1-1: Foul Ball, location: 2F
1-2: DOUBLE (Groundball, 5L, EV 105.0 MPH)
Batting: LHB Ramón Garmendia 0-0: Ball
1-0: Ground out 4-3 (Groundball, 4, EV 90.0 MPH)
Quan Easterling to third
Batting: RHB Eugene Bennett 0-0: Ball
1-0: Ground out 4-3 (Groundball, 4MS, EV 85.0 MPH)
Top of the 4th over - 2 runs, 4 hits, 0 errors, 1 left on base; Long Island 2 - Detroit 0
BOTTOM OF THE 4TH
Detroit Elite batting - Pitching for Long Island Lighthouse : RHP Nolan Howard
Batting: LHB Jack McCusker 0-0: Ball
1-0: Foul Ball, location: 2F
1-1: Ball
2-1: Bunt for hit to 15S - play at first, batter OUT! 1-3
Batting: RHB Amon-Ra St. Brown 0-0: Ball
1-0: Single, Error in OF, E9, batter to second base (Line Drive, 34D, EV 98.8 MPH)
Batting: LHB Murray Sperber 0-0: Ball
1-0: Fly out, F8 (Line Drive, 8RM, EV 90.0 MPH)
Batting: RHB Daryl Yandell 0-0: Ground out U3 (Groundball, 34, EV 84.4 MPH)
Bottom of the 4th over - 0 runs, 1 hit, 1 error, 1 left on base; Long Island 2 - Detroit 0
TOP OF THE 5TH
Long Island Lighthouse batting - Pitching for Detroit Elite : RHP Carl MacPherson
Batting: RHB Mark Toope 0-0: Ball
1-0: Called Strike
1-1: Foul Ball, location: 2F
1-2: SINGLE (Line Drive, 4MD, EV 104.4 MPH)
Batting: RHB Jonas van Claveren 0-0: Ball
Mark Toope is caught stealing 2nd base 2-4
1-0: SINGLE (Line Drive, 9S, EV 100.0 MPH)
Batting: LHB Scott Kerin 0-0: Called Strike
0-1: Ball
1-1: Called Strike
1-2: Foul Ball, location: 2F
1-2: Ball
2-2: Ball
3-2: Ground out U3 (Groundball, 3L, EV 107.5 MPH)
Jonas van Claveren to second
Batting: RHB Iiri Haapajarvi 0-0: Foul Ball, location: 2F
0-1: Fly out, F8 (Flyball, 8LS, EV 87.5 MPH)
Top of the 5th over - 0 runs, 2 hits, 0 errors, 1 left on base; Long Island 2 - Detroit 0
BOTTOM OF THE 5TH
Detroit Elite batting - Pitching for Long Island Lighthouse : RHP Nolan Howard
Batting: RHB Estanislao Hirigoyen 0-0: Ball
1-0: Called Strike
1-1: Ball
2-1: Ball
3-1: Base on Balls
Batting: RHB Juan Amengual 0-0: Ball
1-0: Called Strike
1-1: Ball
2-1: Ball
3-1: Foul Ball, location: 2F
3-2: Strikes out swinging
Estanislao Hirigoyen steals 2nd base
Batter strikes out.
Batting: RHB Víctor Cuevas 0-0: Ground out 2-3 (Groundball, 2L, EV 66.2 MPH)
Estanislao Hirigoyen to third
Batting: LHB Dave Watts 0-0: Called Strike
0-1: Ground out 1-3 (Groundball, P, EV 74.4 MPH)
Bottom of the 5th over - 0 runs, 0 hits, 0 errors, 1 left on base; Long Island 2 - Detroit 0
TOP OF THE 6TH
Long Island Lighthouse batting - Pitching for Detroit Elite : RHP Carl MacPherson
Batting: RHB Oliver Villalva 0-0: Called Strike
0-1: Swinging Strike
0-2: Ball
1-2: Ball
2-2: Strikes out swinging
Batting: RHB Carlos Mendoza 0-0: Ground out 5-3 (Groundball, 5L, EV 104.4 MPH)
Batting: RHB Quan Easterling 0-0: Ball
1-0: Swinging Strike
1-1: Fly out, F9 (Flyball, 9S, EV 89.4 MPH)
Top of the 6th over - 0 runs, 0 hits, 0 errors, 0 left on base; Long Island 2 - Detroit 0
BOTTOM OF THE 6TH
Detroit Elite batting - Pitching for Long Island Lighthouse : RHP Nolan Howard
Batting: RHB Dejmi Dumervil 0-0: Foul Ball, location: 2F
0-1: Foul Ball, location: 2F
0-2: Ball
1-2: Ball
2-2: Fly out, F6 (Flyball, 5D, EV 98.1 MPH)
Batting: LHB Jack McCusker 0-0: Ball
1-0: Called Strike
1-1: Foul Ball, location: 2F
1-2: Ball
2-2: Strikes out swinging
Batting: RHB Amon-Ra St. Brown 0-0: Called Strike
0-1: Swinging Strike
0-2: Ball
1-2: Ball
2-2: Ball
3-2: Foul Ball, location: 2F
3-2: Base on Balls
Batting: LHB Murray Sperber 0-0: Swinging Strike
0-1: Foul Ball, location: 2F
0-2: Ball
1-2: Strikes out swinging
Bottom of the 6th over - 0 runs, 0 hits, 0 errors, 1 left on base; Long Island 2 - Detroit 0
TOP OF THE 7TH
Long Island Lighthouse batting - Pitching for Detroit Elite : RHP Carl MacPherson
Batting: LHB Ramón Garmendia 0-0: Ball
1-0: Foul Ball, location: 2F
1-1: Ball
2-1: Ball
3-1: Fly out, F1 (Line Drive, P, EV 66.2 MPH)
Batting: RHB Eugene Bennett 0-0: Called Strike
0-1: Ball
1-1: Foul Ball, location: 2F
1-2: Ball
2-2: Ball
3-2: Base on Balls
Batting: RHB Mark Toope 0-0: Foul Ball, location: 2F
0-1: Fly out, F9 (Flyball, 9D, EV 98.1 MPH)
Batting: RHB Jonas van Claveren 0-0: Fly out, F3 (Line Drive, 3, EV 70.0 MPH)
Top of the 7th over - 0 runs, 0 hits, 0 errors, 1 left on base; Long Island 2 - Detroit 0
BOTTOM OF THE 7TH
Detroit Elite batting - Pitching for Long Island Lighthouse : RHP Nolan Howard
Batting: RHB Daryl Yandell 0-0: Ball
1-0: Called Strike
1-1: Swinging Strike
1-2: Ball
2-2: Strikes out swinging
Batting: RHB Estanislao Hirigoyen 0-0: Called Strike
0-1: Foul Ball, location: 2F
0-2: Ball
1-2: Ball
2-2: Ball
3-2: Strikes out swinging
Batting: RHB Juan Amengual 0-0: Ball
1-0: Ball
2-0: Ball
3-0: Called Strike
3-1: Called Strike
3-2: Foul Ball, location: 2F
3-2: Strikes out swinging
Bottom of the 7th over - 0 runs, 0 hits, 0 errors, 0 left on base; Long Island 2 - Detroit 0
TOP OF THE 8TH
Long Island Lighthouse batting - Pitching for Detroit Elite : RHP Carl MacPherson
Batting: LHB Scott Kerin 0-0: Ball
1-0: Ball
2-0: Ball
3-0: Base on Balls
Pitching: LHP Héctor Cantú
Batting: RHB Iiri Haapajarvi 0-0: Called Strike
0-1: Foul Ball, location: 2F
0-2: Foul Ball, location: 2F
0-2: Ball
1-2: Foul Ball, location: 2F
1-2: Fly out, F7 (Flyball, 78D, EV 73.1 MPH)
Batting: RHB Oliver Villalva 0-0: Foul Ball, location: 2F
0-1: Swinging Strike
0-2: Ball
1-2: Foul Ball, location: 2F
1-2: Strikes out swinging
Batting: RHB Carlos Mendoza 0-0: Ball
1-0: Fly out, F3 (Popup, 3L, EV 58.8 MPH)
Top of the 8th over - 0 runs, 0 hits, 0 errors, 1 left on base; Long Island 2 - Detroit 0
BOTTOM OF THE 8TH
Detroit Elite batting - Pitching for Long Island Lighthouse : RHP Nolan Howard
Batting: RHB Víctor Cuevas 0-0: Ball
1-0: Called Strike
1-1: Ball
2-1: Swinging Strike
2-2: Ground out 2-3 (Groundball, 15S, EV 71.2 MPH)
Pitching: LHP Fred Proctor
Batting: LHB Dave Watts 0-0: Swinging Strike
0-1: Fly out, F6 (Flyball, 56D, EV 89.4 MPH)
Pitching: RHP Mac Hippenhammer
Batting: RHB Dejmi Dumervil 0-0: Ball
1-0: Foul Ball, location: 2F
1-1: Called Strike
1-2: Ball
2-2: Strikes out swinging
Bottom of the 8th over - 0 runs, 0 hits, 0 errors, 0 left on base; Long Island 2 - Detroit 0
TOP OF THE 9TH
Long Island Lighthouse batting - Pitching for Detroit Elite : LHP Héctor Cantú
Batting: RHB Quan Easterling 0-0: Fly out, F8 (Flyball, 8LM, EV 84.4 MPH)
Batting: LHB Ramón Garmendia 0-0: Called Strike
0-1: Swinging Strike
0-2: Foul Ball, location: 2F
0-2: Strikes out looking
Batting: RHB Eugene Bennett 0-0: Ball
1-0: SINGLE (Groundball, 56D, EV 111.2 MPH)
Batting: RHB Mark Toope 0-0: Ball
1-0: Ball
Eugene Bennett steals 2nd base
2-0: Ball
3-0: Base on Balls
Batting: RHB Jonas van Claveren 0-0: Foul Ball, location: 2F
0-1: Ball
1-1: Ball
2-1: Foul Ball, location: 2F
2-2: Foul Ball, location: 2F
2-2: Ball
3-2: Base on Balls
Eugene Bennett to third
Mark Toope to second
Batting: LHB Scott Kerin 0-0: Ball
1-0: Swinging Strike
1-1: Ball
2-1: Ball
3-1: Base on Balls
Eugene Bennett scores
Mark Toope to third
Jonas van Claveren to second
Pitching: RHP Jubal Ropp
Batting: RHB Iiri Haapajarvi Balk!
Mark Toope scores
Jonas van Claveren to third
Scott Kerin to second
0-0: Called Strike
0-1: Fly out, F8 (Flyball, 8RM, EV 83.8 MPH)
Top of the 9th over - 2 runs, 1 hit, 0 errors, 2 left on base; Long Island 4 - Detroit 0
BOTTOM OF THE 9TH
Detroit Elite batting - Pitching for Long Island Lighthouse : RHP Mac Hippenhammer
Pitching: RHP Carlos Rodríguez
Batting: LHB Jack McCusker 0-0: Called Strike
0-1: Swinging Strike
0-2: Ball
1-2: Ball
2-2: Strikes out looking
Batting: RHB Amon-Ra St. Brown 0-0: Called Strike
0-1: Foul Ball, location: 2F
0-2: Strikes out swinging
Batting: LHB Murray Sperber 0-0: Called Strike
0-1: Swinging Strike
0-2: Ground out 6-3 (Groundball, 56, EV 90.0 MPH)
Bottom of the 9th over - 0 runs, 0 hits, 0 errors, 0 left on base; Long Island 4 - Detroit 0
Friday, March 26th, 2021 - OOTP Baseball 20.8 Build 74